Map: Blackrock LE

Players

liquidclem (Clem)

  • Race: Terran Terran
  • League: Grandmaster
  • Spawn Location: 1:00

Reynor - Winner!

  • Race: Zerg Zerg
  • League: Master
  • Spawn Location: 7:00

Event: HomeStory Cup XXIX

VOD

Have the link to the VOD?

Description

Time

  • Played on: July 5, 2026, 12:53 p.m.
  • Length: 18:35

All games in this series

Show
View Real Time Build Order
Export as new Build Order

liquidclem Terran 

Build Orders: Reaper Expand, Hellion Banshee 

Get SALT Encoding   

  8  0:00  SCV  
  9  0:12  SCV  
  10  0:24  SCV  
  11  0:28  Supply Depot  
  11  0:36  SCV  
  12  0:48  SCV  
  13  0:53  Barracks  
  13  1:00  SCV  
  14  1:05  Refinery  
  14  1:12  SCV  
  15  1:25  SCV  
  16  1:40  Orbital Command  
  16  1:47  Reaper  
  17  2:05  SCV  
  18  2:09  Command Center  
  18  2:18  SCV  
  18  2:21  Marine  
  20  2:23  Supply Depot  
  20  2:30  SCV  
  20  2:36  Factory  
  21  2:43  Barracks Reactor  
  21  2:45  SCV  
  22  2:54  Refinery  
  22  2:57  SCV  
  23  3:09  SCV  
  24  3:23  Orbital Command  
  24  3:24  Starport, SCV  
  29  3:27  Hellion x2  
  29  3:32  Barracks Tech Lab  
  29  3:36  SCV  
  30  3:46  Supply Depot  
  30  3:48  Hellion  
  32  3:50  SCV x2  
  32  3:54  Hellion  
  36  4:02  SCV  
  37  4:07  Banshee  
  37  4:09  SCV  
  41  4:14  SCV  
  41  4:15  Cloaking Field  
  41  4:16  Barracks Tech Lab  
  41  4:21  Hellion  
  41  4:22  Hellion  
  45  4:27  Supply Depot  
  45  4:30  SCV  
  46  4:31  SCV  
  47  4:40  Stimpack  
  47  4:42  SCV  
  47  4:43  SCV  
  49  4:50  Banshee  
  52  4:54  SCV  
  52  4:55  SCV  
  52  4:58  Supply Depot  
  54  5:05  Command Center  
  54  5:06  SCV  
  55  5:08  SCV  
  55  5:09  Marine  
  57  5:14  Barracks  
  57  5:18  Barracks  
  57  5:19  SCV  
  58  5:24  SCV  
  58  5:26  Factory Reactor  
  58  5:27  Marine  
  60  5:28  Supply Depot  
  60  5:31  SCV  
  61  5:36  SCV  
  62  5:43  SCV  
  62  5:45  Marine  
  62  5:48  SCV  
  62  5:49  Refinery x2  
  65  5:50  Supply Depot  
  65  5:53  Starport Reactor  
  65  5:55  SCV, Engineering Bay  
  65  5:56  Engineering Bay  
  66  6:00  SCV  
  66  6:02  Marine  
  68  6:06  Marine x2  
  68  6:07  SCV  
  71  6:12  Factory Reactor, SCV  
  71  6:13  Marine x2  
  71  6:18  Orbital Command  
  74  6:19  SCV  
  74  6:20  Marine  
  74  6:24  Marine, SCV  
  78  6:28  Marine  
  78  6:31  Medivac x2, SCV  
  81  6:34  Marine  
  81  6:36  SCV  
  83  6:44  SCV, Orbital Command, Marine x2  
  76  6:48  SCV  
  76  6:50  Supply Depot  
  76  6:51  Marine x2, Widow Mine  
  76  6:52  Widow Mine, Combat Shield  
  81  6:55  Terran Infantry Armor Level 1, Terran Infantry Weapons Level 1  
  81  6:56  SCV  
  81  7:00  Marine  
  81  7:01  SCV  
  84  7:02  Medivac  
  84  7:04  Medivac  
  84  7:05  Marine  
  84  7:06  Marine  
  84  7:08  SCV  
  91  7:09  Marine, SCV  
  91  7:13  Marine  
  94  7:17  Barracks x2  
  94  7:18  Marine  
  94  7:21  Supply Depot  
  94  7:22  SCV x2  
  97  7:25  SCV  
  97  7:26  Marine  
  97  7:28  Widow Mine  
  97  7:29  Widow Mine  
  103  7:40  Refinery  
  103  7:41  Armory, Factory  
  103  7:42  Marine x4, SCV x2  
  109  7:45  SCV  
  109  7:46  Supply Depot  
  109  7:48  Supply Depot  
  110  7:52  Medivac x2  
  110  7:54  SCV  
  110  7:56  Marine  
  110  7:57  SCV  
  117  8:03  Supply Depot  
  118  8:06  Marine  
  118  8:08  Marine x2  
  118  8:10  Barracks Reactor x2  
  118  8:12  Supply Depot  
  120  8:14  Command Center, SCV  
  120  8:18  Widow Mine  
  120  8:19  Widow Mine, Marine  
  126  8:22  Marine  
  126  8:24  Marine  
  126  8:25  Marine  
  126  8:26  Supply Depot, Marine  
  129  8:36  Terran Vehicle And Ship Armor Level 1, Medivac  
  129  8:37  Marine  
  129  8:39  Hellbat  
  129  8:40  Hellbat, Medivac  
  138  8:45  SCV  
  138  8:46  Marine x5  
  138  8:47  Marine x2  
  143  8:49  Marine  
  143  8:52  Terran Infantry Weapons Level 2  
  143  8:54  Terran Infantry Armor Level 2  
  144  8:56  Infernal Pre-Igniter  
  144  9:00  Hellbat  
  146  9:04  Hellbat  
  146  9:05  Supply Depot  
  146  9:06  Hellbat  
  146  9:08  Marine  
  146  9:11  Marine x2  
  146  9:12  Marine  
  146  9:13  Marine x2  
  149  9:18  Medivac  
  149  9:19  Medivac  
  149  9:21  Hellbat, Marine  
  149  9:22  Marine  
  149  9:24  Supply Depot  
  156  9:29  SCV, Marine x3  
  160  9:32  Hellbat  
  160  9:37  Barracks  
  161  9:41  Marine  
  161  9:42  Barracks  
  161  9:43  Barracks, Hellbat  
  163  9:46  Orbital Command  
  163  9:47  Marine  
  163  9:50  Hellbat  
  163  9:52  Medivac  
  161  9:55  Hellbat  
  161  9:56  Marine  
  162  10:04  Marine  
  162  10:05  Hellbat  
  162  10:06  Marine  
  164  10:07  Marine  
  164  10:09  Marine  
  164  10:15  Marine  
  164  10:19  Marine, SCV  
  164  10:20  SCV  
  154  10:22  SCV  
  154  10:24  Barracks Tech Lab  
  157  10:29  Barracks Tech Lab  
  157  10:31  Liberator  
  157  10:32  Liberator  
  157  10:35  Marauder  
  158  10:36  Hellbat  
  158  10:43  Marine, Marauder  
  158  10:44  Marine  
  158  10:45  Marine  
  158  10:46  Hellbat, SCV  
  164  10:50  Marauder  
  164  10:55  Marauder  
  164  10:56  SCV, Marauder  
  164  10:57  Planetary Fortress  
  171  11:00  Widow Mine, Factory Tech Lab  
  173  11:04  Marauder  
  173  11:08  Sensor Tower  
  173  11:09  Sensor Tower  
  175  11:12  Marauder, SCV  
  175  11:13  SCV x2  
  175  11:14  Liberator  
  175  11:15  Liberator  
  175  11:16  Marauder  
  188  11:19  Terran Infantry Weapons Level 3  
  188  11:25  Terran Infantry Armor Level 3  
  188  11:28  Supply Depot  
  188  11:30  Marauder x2, Supply Depot  
  192  11:36  Drilling Claws, Supply Depot  
  192  11:37  Ghost Academy  
  196  11:40  Marauder x2  
  196  11:46  Command Center  
  196  11:51  Widow Mine  
  196  11:52  Marauder  
  200  12:02  Refinery  
  200  12:03  Command Center  
  200  12:04  Marauder x2  
  200  12:07  Marauder  
  200  12:11  Refinery  
  200  12:12  Refinery  
  200  12:13  Ghost  
  195  12:24  Command Center  
  195  12:25  Ghost, Missile Turret  
  195  12:27  Terran Vehicle And Ship Armor Level 2  
  198  12:39  Command Center  
  198  12:50  Personal Cloaking  
  198  12:52  Starport  
  198  12:53  Fusion Core  
  200  13:05  Marauder  
  200  13:12  Missile Turret  
  200  13:14  Missile Turret  
  198  13:20  Widow Mine  
  198  13:22  Ghost x2  
  198  13:25  Marine  
  198  13:26  Marine x2, Widow Mine, Orbital Command  
  197  13:28  Marine, Widow Mine  
  197  13:33  SCV  
  192  13:34  SCV  
  192  13:35  Planetary Fortress  
  192  13:37  Orbital Command, SCV  
  192  13:38  Ghost x2  
  192  13:40  Liberator x2  
  192  13:47  SCV  
  190  13:50  Ghost  
  190  13:51  Starport Reactor  
  190  13:52  SCV  
  190  13:53  SCV  
  190  13:55  Marauder  
  197  14:05  Widow Mine  
  197  14:06  Ghost  
  197  14:07  Ghost  
  192  14:13  Missile Turret, Concussive Shells  
  191  14:21  Ghost  
  191  14:22  SCV  
  191  14:23  Medivac, SCV  
  191  14:24  Medivac  
  186  14:26  Widow Mine  
  186  14:28  Widow Mine  
  186  14:30  Widow Mine, SCV  
  187  14:32  Ghost  
  187  14:37  Marauder  
  190  14:39  Sensor Tower  
  190  14:42  Orbital Command  
  189  14:46  SCV  
  189  14:48  SCV x2  
  189  14:51  Ghost  
  190  14:53  Medivac  
  190  14:55  Widow Mine, Ghost  
  190  14:58  Ghost, Marine  
  147  15:00  SCV  
  147  15:02  Marine  
  147  15:03  Widow Mine, SCV  
  147  15:04  Marine  
  147  15:05  Marine x2  
  134  15:07  SCV  
  134  15:10  Marine  
  134  15:11  Marine x2  
  127  15:14  Marine  
  127  15:16  Marine  
  127  15:20  Marine x2  
  127  15:21  Orbital Command  
  115  15:22  Marine  
  115  15:23  Marine  
  115  15:24  Marauder  
  115  15:26  Hellion  
  115  15:28  Marine, Marauder  
  108  15:33  Medivac  
  107  15:36  Ghost  
  107  15:37  Marine  
  107  15:42  SCV  
  112  15:44  Ghost  
  112  15:48  Medivac  
  112  15:49  Widow Mine, Marine x2  
  120  15:50  Marine x2  
  120  15:51  Marine  
  120  15:53  Marine  
  120  15:54  Marine  
  120  15:56  Widow Mine  
  128  15:59  Widow Mine  
  128  16:01  Marine x3  
  124  16:05  Marine  
  124  16:07  Marine x2  
  124  16:09  SCV  
  124  16:10  SCV  
  129  16:12  SCV  
  129  16:13  SCV x2  
  129  16:14  Marine x2  
  132  16:20  Medivac x2, Marine  
  132  16:21  SCV  
  138  16:27  Widow Mine  
  138  16:30  Marine x2  
  138  16:31  Marine x2  
  138  16:32  Marine x5  
  149  16:36  SCV  
  149  16:39  Medivac  
  153  16:40  Marine  
  153  16:42  Widow Mine  
  153  16:43  Widow Mine  
  153  16:45  Marauder  
  159  16:48  Marine, Widow Mine  
  159  16:50  Marauder x2  
  166  16:54  SCV  
  166  16:56  Missile Turret  
  166  16:58  Medivac  
  166  16:59  Marine x3  
  166  17:00  Marine  
  166  17:01  Marine x2  
  175  17:04  Widow Mine  
  175  17:05  SCV  
  175  17:06  Marauder  
  175  17:07  Marauder, Orbital Command  
  182  17:10  SCV x2  
  182  17:11  Marauder  
  182  17:14  Widow Mine, Marine  
  182  17:15  Marine x2  
  181  17:27  Widow Mine x2, Marauder  
  181  17:28  Marauder  
  181  17:29  Supply Depot  
  187  17:33  Marauder  
  187  17:38  Orbital Command  
  187  17:40  Marauder  
  178  17:49  Marauder  
  178  17:50  Marauder  
  161  17:54  Marauder  
  161  17:56  Marine x2  
  128  17:59  Medivac  
  128  18:00  Widow Mine  
  128  18:01  Marauder  
  128  18:02  Marine  
  128  18:03  Marine  
  128  18:04  Marine x2  
  124  18:09  Marine x2  
  124  18:10  SCV, Marauder  
  124  18:11  SCV, Marauder  
  124  18:12  SCV  
  119  18:13  SCV  
  119  18:17  SCV  
Show
View Real Time Build Order
Export as new Build Order

Reynor Zerg - Winner!

Build Orders: Hatch First 

Get SALT Encoding   

  8  0:00  Drone  
  9  0:10  Drone  
  10  0:15  Drone  
  11  0:22  Drone  
  12  0:32  Overlord  
  12  0:38  Extractor  
  12  0:39  Drone  
  13  0:50  Drone  
  13  0:51  Drone  
  15  1:12  Hatchery  
  15  1:14  Drone  
  15  1:18  Drone  
  16  1:22  Drone  
  17  1:36  Spawning Pool  
  17  1:39  Drone  
  17  1:43  Extractor  
  17  1:44  Drone  
  17  1:50  Drone  
  18  1:59  Drone  
  19  2:09  Overlord  
  19  2:23  Queen x2  
  19  2:24  Zergling x2  
  19  2:28  Zergling x2  
  25  2:30  Zergling x2  
  25  2:34  Drone  
  27  2:39  Drone  
  28  2:45  Drone  
  29  2:54  Overlord  
  29  2:55  Extractor  
  29  2:56  Drone  
  30  3:01  Metabolic Boost  
  30  3:03  Drone x2  
  31  3:11  Queen  
  33  3:13  Drone  
  33  3:16  Drone  
  35  3:20  Overlord  
  35  3:24  Drone  
  36  3:31  Drone x2  
  36  3:32  Drone  
  39  3:40  Drone x3  
  42  3:46  Hatchery  
  42  3:48  Drone  
  42  3:50  Drone  
  42  3:55  Overlord  
  43  3:56  Drone  
  43  3:58  Drone  
  43  4:02  Queen  
  47  4:09  Zergling x2  
  48  4:10  Evolution Chamber  
  44  4:18  Zergling x6  
  44  4:22  Drone x2  
  44  4:23  Drone  
  51  4:26  Drone x2  
  53  4:34  Drone x2  
  55  4:39  Drone  
  55  4:42  Overlord  
  56  4:53  Overlord  
  56  4:56  Spore Crawler  
  56  4:57  Spore Crawler, Queen, Drone  
  56  4:58  Drone  
  58  5:01  Spore Crawler  
  58  5:02  Zergling x2  
  58  5:04  Zergling x4  
  58  5:06  Drone  
  61  5:07  Drone  
  61  5:11  Drone x2  
  61  5:12  Drone  
  65  5:17  Queen  
  65  5:18  Drone  
  65  5:20  Drone  
  69  5:22  Drone x2  
  71  5:30  Evolution Chamber, Drone  
  71  5:33  Drone x2, Evolution Chamber  
  71  5:34  Drone  
  71  5:35  Spore Crawler  
  72  5:37  Overlord  
  72  5:40  Drone  
  72  5:41  Drone x2  
  74  5:44  Drone x2  
  74  5:47  Extractor, Zergling x2  
  74  5:49  Overlord  
  76  5:54  Overlord  
  76  5:56  Lair, Zerg Ground Armor Level 1  
  76  6:02  Drone x3  
  76  6:03  Drone  
  79  6:06  Overlord  
  79  6:07  Drone x2  
  79  6:08  Drone  
  81  6:15  Drone x2  
  83  6:21  Drone x2  
  83  6:22  Zergling x4  
  83  6:24  Overlord  
  87  6:28  Drone x3  
  87  6:30  Zergling x2, Zerg Melee Weapons Level 1  
  91  6:34  Queen  
  91  6:35  Drone x3  
  92  6:40  Drone x2  
  92  6:41  Drone  
  92  6:43  Drone  
  90  6:48  Drone x2  
  90  6:49  Drone  
  90  6:52  Drone x2  
  95  6:54  Extractor x2, Zergling x4  
  95  6:55  Zergling x2  
  95  6:59  Zergling x4  
  95  7:00  Hatchery, Infestation Pit  
  96  7:02  Extractor  
  96  7:06  Zergling x4  
  96  7:07  Queen  
  99  7:08  Overlord  
  99  7:11  Zergling x2  
  99  7:12  Extractor  
  99  7:15  Zergling x2  
  99  7:19  Zergling x16  
  99  7:21  Overlord  
  108  7:23  Zergling x4  
  108  7:27  Drone  
  108  7:28  Overlord  
  108  7:29  Drone  
  112  7:37  Zergling x2  
  112  7:40  Drone  
  112  7:42  Zergling x2  
  112  7:43  Hatchery  
  114  7:46  Hive  
  114  7:47  Infestor x2  
  114  7:48  Zergling x4  
  120  7:51  Overlord  
  120  7:52  Overseer  
  120  7:54  Drone  
  120  7:55  Zerg Ground Armor Level 2  
  121  7:58  Zergling x4  
  121  8:03  Overlord  
  123  8:07  Zergling x2  
  123  8:08  Overlord  
  123  8:13  Infestor x2, Zergling x6  
  123  8:14  Queen  
  123  8:16  Drone x3  
  135  8:22  Overlord  
  135  8:25  Zerg Melee Weapons Level 2  
  136  8:27  Drone x5  
  136  8:29  Zergling x2  
  136  8:31  Zergling x2  
  136  8:32  Zergling x2  
  143  8:37  Zergling x4  
  143  8:38  Zergling x4  
  143  8:41  Drone  
  148  8:42  Drone  
  148  8:44  Drone x2  
  147  8:49  Zergling x4  
  147  8:50  Zergling x8  
  147  8:51  Queen  
  154  8:56  Zergling x10  
  154  8:59  Adrenal Glands  
  154  9:00  Ultralisk Cavern, Zergling x2  
  154  9:01  Zergling x2  
  145  9:02  Zergling x2  
  145  9:06  Zergling x4  
  145  9:07  Zergling x2  
  145  9:08  Zergling x4, Overseer  
  148  9:10  Queen  
  148  9:12  Zergling x2  
  148  9:14  Infestor  
  148  9:15  Zergling x6  
  155  9:18  Overlord x2  
  155  9:20  Overlord  
  154  9:26  Overlord  
  154  9:30  Overlord  
  151  9:34  Overlord  
  149  9:48  Ultralisk x4  
  149  9:49  Zergling x2  
  149  9:50  Zergling x16  
  149  9:52  Overlord  
  173  10:01  Overlord  
  173  10:05  Overlord  
  162  10:15  Zergling x12  
  162  10:18  Overlord  
  158  10:24  Zergling x20, Queen  
  158  10:26  Chitinous Plating  
  170  10:29  Overlord  
  168  10:46  Ultralisk, Zergling x10  
  168  10:47  Hatchery  
  175  10:50  Zergling x6  
  175  10:53  Zerg Ground Armor Level 3  
  175  10:54  Zergling x2  
  179  11:01  Extractor  
  179  11:03  Zergling x12  
  184  11:07  Spire  
  182  11:13  Zergling x2  
  182  11:18  Overlord, Baneling Nest  
  182  11:26  Zergling x4  
  182  11:28  Zerg Melee Weapons Level 3  
  184  11:35  Extractor  
  183  11:44  Anabolic Synthesis  
  183  11:48  Zergling x4  
  183  11:49  Zergling x14  
  181  11:54  Drone x7  
  187  12:07  Centrifugal Hooks  
  187  12:15  Corruptor x5  
  194  12:25  Burrow, Hatchery  
  194  12:28  Corruptor  
  195  12:33  Zerg Flyer Weapons Level 1  
  195  12:53  Overlord x3  
  195  13:00  Baneling  
  195  13:01  Baneling x19  
  195  13:04  Zergling x2  
  196  13:06  Overlord  
  192  13:20  Zergling x16  
  192  13:21  Corruptor  
  192  13:22  Zergling x6  
  191  13:30  Corruptor x2  
  191  13:31  Zergling x8  
  188  13:39  Hatchery, Zergling x2  
  188  13:40  Zergling x26  
  187  13:43  Corruptor, Zergling x2  
  187  13:47  Zergling x2  
  187  13:48  Zergling x6  
  193  13:53  Zergling x12  
  199  14:01  Pneumatized Carapace  
  197  14:04  Zergling x10  
  192  14:10  Hatchery  
  192  14:16  Infestor  
  191  14:23  Hatchery  
  184  14:26  Zergling x16  
  191  14:35  Infestor x2  
  191  14:40  Infestor  
  191  14:44  Zergling x2  
  191  14:45  Zergling x18  
  190  14:58  Corruptor x2  
  190  14:59  Zergling x4  
  181  15:03  Zergling x4  
  162  15:14  Zergling x8  
  162  15:19  Zergling x6  
  157  15:21  Zergling x2  
  157  15:25  Zergling x4  
  157  15:27  Zergling x2  
  144  15:28  Zergling x6  
  144  15:31  Zergling x2  
  144  15:34  Zergling x2  
  144  15:35  Zergling x2  
  148  15:38  Infestor  
  140  15:43  Infestor  
  140  15:47  Infestor  
  140  15:48  Zergling x4  
  146  15:52  Ultralisk  
  152  15:59  Ultralisk  
  152  16:00  Zergling x2  
  157  16:06  Zergling x10  
  162  16:15  Ultralisk, Zergling x4  
  162  16:18  Zergling x8  
  173  16:29  Baneling  
  173  16:30  Baneling x5  
  173  16:38  Ultralisk x2  
  185  16:42  Zergling x6  
  188  16:50  Ultralisk, Hatchery  
  188  16:51  Zergling x6  
  196  17:04  Infestor x2  
  196  17:07  Overseer  
  196  17:08  Overseer  
  196  17:09  Zergling x8  
  196  17:13  Infestor  
  193  17:18  Zergling x20  
  200  17:32  Zergling x2  
  199  17:38  Zergling x4  
  191  17:46  Zergling x6  
  172  17:53  Ultralisk x3, Zergling x28  
  172  17:55  Zergling x2  
  172  17:57  Zergling x6  
  172  17:58  Zergling x4  
  198  17:59  Zergling x2  
  198  18:00  Zergling x2  
  194  18:07  Zergling x2  
  194  18:10  Zergling x4  
  194  18:17  Zergling x10  
Tags
 
Add a new tag
Caveats
  • Supply blocks, unpowered buildings, or Contaminate may cause inaccurate times.
  • Supply counts are checked every 10 seconds.